 Dungeon Crawl Stone Soup version 0.30-a0-358-g0d69a1922f (webtiles) character file.

Game seed: 4405577252251136746

565 koil the Vexing (level 7, 0/51 HPs)
             Began as a Vampire Enchanter on Nov 11, 2022.
             Shot with an arrow by a centaur (11 damage)
             ... on level 6 of the Dungeon.
             The game lasted 00:15:15 (3753 turns).

koil the Vexing (Vampire Enchanter)                 Turns: 3753, Time: 00:15:16

Health: 0/51       AC:  2    Str:  7    XL:     7   Next: 10%
Magic:  9/12       EV: 17    Int: 19    God:
Gold:   256        SH:  0    Dex: 15    Spells: 7/13 levels left

rFire   . . .      SeeInvis +    a - +3 dagger
rCold   . . .      Faith    .    (no shield)
rNeg    . . .      Spirit   .    b - +0 robe
rPois   .          Reflect  .    (no helmet)
rElec   .          Harm     .    (no cloak)
rCorr   .          Rampage  .    (no gloves)
Will    .....                    (no boots)
Stlth   +++.......               (no amulet)
HPRegen 0.48/turn                p - +4 ring of evasion
MPRegen 0.13/turn                (no ring)

@: confusing by touch, healing quickly
A: alive, fangs 3, see invisible, vampiric 2
a: Exsanguinate


You were on level 6 of the Dungeon.
You visited 1 branch of the dungeon, and saw 6 of its levels.

You collected 256 gold pieces.

Inventory:

Hand Weapons
 a - a +3 dagger (weapon)
 f - a +1 dagger
Missiles
 i - 12 poisoned darts
Armour
 b - a +0 robe (worn)
 B - +0 fire dragon scales
Magical Staves
 l - a staff of cold
 t - a staff of fire
Jewellery
 o - the amulet "Wekliydu" {Faith rF+}
   (You found it on level 2 of the Dungeon)

   [amulet of faith]

   It allows you to gain divine favour quickly.
   rF:        It protects you from fire.
 p - a +4 ring of evasion (left hand)
 u - an amulet of faith
Wands
 F - a wand of quicksilver (6)
Scrolls
 e - 2 scrolls of summoning {unknown}
 g - a scroll of fear {unknown}
 h - 3 scrolls of enchant armour {unknown}
 j - a scroll of brand weapon {unknown}
 m - 2 scrolls of noise {unknown}
 n - 3 scrolls of identify {unknown}
 r - 2 scrolls of enchant weapon {unknown}
 s - a scroll of amnesia {unknown}
 v - a scroll of immolation {unknown}
 y - a scroll of teleportation {unknown}
 E - a scroll of vulnerability {unknown}
Potions
 c - 3 potions of invisibility
 d - a potion of berserk rage {unknown}
 k - 5 potions of brilliance {unknown}
 q - 2 potions of degeneration {unknown}
 w - 2 potions of cancellation {unknown}
 x - 3 potions of attraction {unknown}
 z - a potion of mutation {unknown}
 A - 3 potions of flight {unknown}
 C - 2 potions of curing {unknown}
 D - a potion of might {unknown}


   Skills:
 + Level 2.4 Fighting
 + Level 3.3 Short Blades
 + Level 4.1 Dodging
 - Level 6.0 Stealth
 + Level 3.5 Spellcasting
 + Level 6.3 Hexes


You had 7 spell levels left.
You knew the following spells:

 Your Spells              Type           Power      Damage    Failure   Level
a - Ensorcelled Hibernat  Hex/Ice        30%        N/A       6%          2
b - Confusing Touch       Hex            27%        N/A       3%          3
c - Slow                  Hex            100%       N/A       1%          1

Your spell library contained the following spells:

 Spells                   Type           Power      Damage    Failure   Level
 Tukima's Dance           Hex            27%        N/A       3%          3
 Dazzling Flash           Conj/Hex       30%        N/A       12%         3
 Anguish                  Hex/Necr       7%         N/A       36%         4
 Spider Form              Tmut/Pois      3%         N/A       41%         3
 Vampiric Draining        Necr           3%         2d6       41%         3


Dungeon Overview and Level Annotations

Branches:
Dungeon (6/15)
 Temple: D:4-7

Altars:
Ru
Sif Muna
Xom
Yredelemnul

Shops:
D:2 ?

Annotations:
D:5 1 runed translucent door


Innate Abilities, Weirdness & Mutations

Your natural rate of healing is accelerated.
You have razor-sharp teeth.
You have supernaturally acute eyesight. (SInv)
You are afflicted with vampirism and can become a bat while bloodless.


Message History

The white imp is severely wounded.
You hit the white imp but do no damage.
The white imp is severely wounded.
The white imp barely misses you.
You catch the helpless white imp completely off-guard!
You impale the white imp!!
You kill the white imp!
You start resting.
Magic restored.
You start resting.
HP restored.
h - 3 scrolls labelled VODOANKIMA (gained 1)
A gnoll comes into view. It is wielding a +0 flail.
A centaur comes into view.
Casting: Confusing Touch (dangerous; 3% risk of failure)
Confirm with . or Enter, or press ? or * to list all spells.
Okay, then.
A gnoll bouda comes into view. It is wielding a +0 whip.
The centaur shouts!
You hear a shout!
A gnoll comes into view. It is wielding a +0 flail.
A gnoll comes into view. It is wielding a +0 flail.
The centaur wields a +0 shortbow.
The centaur shoots an arrow.
The arrow hits you!
A gnoll comes into view. It is wielding a +0 flail.
The gnoll shouts!
The gnoll bouda shouts!
The gnoll shouts!
You hear a shout!
The centaur shoots an arrow.
The arrow hits you!
The centaur shoots an arrow.
The arrow barely misses you.
The centaur shoots an arrow.
The arrow completely misses you.
The centaur shoots an arrow.
The arrow completely misses you.
The centaur shoots an arrow.
The arrow barely misses you.
The centaur shoots an arrow.
The arrow hits you.
The centaur shoots an arrow.
The arrow barely misses you.
The centaur shoots an arrow.
The arrow barely misses you.
Casting: Confusing Touch (dangerous; 3% risk of failure)
Confirm with . or Enter, or press ? or * to list all spells.
Your hands begin to glow red.
The centaur shoots an arrow.
The arrow hits you!
* * * LOW HITPOINT WARNING * * *
The centaur shoots an arrow.
The arrow closely misses you.
The centaur shoots an arrow.
The arrow hits you!
You die...

#.#..# #.###.....
#.#..#####.........
#..........####.###
###......### #+#
######.# ####.#
##.##.#
##########...#.##
........@.......+
##########c..#.##
#.......# #.#######
#.# #.# #.# #.# #.#


You could see a centaur.

Vanquished Creatures
  An ice beast (D:5)
  Blork the orc (D:5)
  4 scorpions
  A jelly (D:5)
  6 adders
  A white imp (D:6)
  3 dart slugs
  An orc (D:3)
  4 ball pythons
  5 endoplasms
  14 giant cockroaches
  9 hobgoblins
  2 kobolds (D:1)
  2 quokkas
  6 bats
  2 frilled lizards
  2 goblins
  A jackal skeleton (D:5)
  A kobold skeleton (D:5)
  9 rats
75 creatures vanquished.

Notes
Turn   | Place    | Note
-------+----------+-------------------------------------------
     0 | D:1      | koil the Vampire Enchanter began the quest for the Orb.
     0 | D:1      | Reached XP level 1. HP: 13/13 MP: 3/3
   117 | D:1      | Reached XP level 2. HP: 10/20 MP: 5/5
   120 | D:1      | Learned a level 2 spell: Ensorcelled Hibernation
   924 | D:2      | Gained mutation: You are afflicted with vampirism and can
                  | become a bat while bloodless. [Vampire growth]
   924 | D:2      | Reached XP level 3. HP: 22/25 MP: 3/6
   930 | D:2      | Learned a level 3 spell: Confusing Touch
  1131 | D:2      | Learned a level 1 spell: Slow
  1210 | D:2      | Reached skill level 1 in Fighting
  1210 | D:2      | Reached skill level 5 in Stealth
  1250 | D:2      | Found a faded altar of an unknown god.
  1441 | D:2      | Reached XP level 4. HP: 27/32 MP: 7/7
  1476 | D:2      | Identified the amulet "Wekliydu" {Faith rF+}
  1497 | D:2      | Found Kiesh's Magic Scroll Boutique.
  1989 | D:3      | Found a shimmering altar of Xom.
  1990 | D:3      | Found a shimmering blue altar of Sif Muna.
  2256 | D:3      | Reached skill level 5 in Hexes
  2611 | D:4      | Noticed a scorpion
  2620 | D:4      | Killed a scorpion
  2621 | D:4      | Reached XP level 5. HP: 37/37 MP: 6/9
  2725 | D:4      | You fall into a shaft and drop 1 floor!
  2725 | D:5      | Entered Level 5 of the Dungeon
  2729 | D:5      | Noticed an ice beast
  2748 | D:5      | Killed an ice beast
  2802 | D:5      | Reached XP level 6. HP: 44/44 MP: 10/10
  2875 | D:5      | Found a runed translucent door.
  2875 | D:5      | Noticed a human
  2880 | D:5      | Found a basalt altar of Yredelemnul.
  3027 | D:5      | Found a sacrificial altar of Ru.
  3069 | D:5      | Noticed Blork the orc
  3076 | D:5      | Killed Blork the orc
  3468 | D:5      | Reached XP level 7. HP: 51/51 MP: 12/12
  3753 | D:6      | Shot with an arrow by a centaur

Illustrated notes

Levels and vault maps discovered:
D:1:      ncdulo_smallfort, layout_basic, serial_curves, eino_curves_01,
          eino_curves_02, minmay_curled_crystal, nicolae_figureground_pulse
D:2:      layout_loops_corners, serial_shops, shop_statue,
          shapermc_ecumenical_altar_starsandcircs, nicolae_figureground_sparkle
D:3:      minmay_roachtagon, layout_basic, nicolae_overflow_squiral,
          eino_curves_03
D:4:      layout_cave_pools, nemelex_dance_club_becter, uniq_sigmund
D:5:      layout_basic, mainiacjoe_overflow_concentric_impassable,
          elyvilon_altar_5, dk_yredelemnul_ordeal, uniq_blork_the_orc
D:6:      layout_loops_corners, mainiacjoe_overflow_catwalk

Skill      XL: |  1  2  3  4  5  6 |
---------------+-------------------+-----
Fighting       | 1 2 |  2.4
Stealth        | 5 6 |  6.0
Short Blades   | 2 3 |  3.3
Dodging        | 3 4 |  4.1
Hexes          | 5 6 |  6.3
Spellcasting   | 3 |  3.5

Action                   |  1- 3 |  4- 6 |  7- 9 || total
-------------------------+-------+-------+-------++-------
Melee: Dagger            |    99 |   113 |    10 ||   222
       Bite              |     9 |    10 |     2 ||    21
       Punch             |     2 |     1 |       ||     3
 Cast: Ensorcelled Hiber |     3 |     3 |       ||     6
       Confusing Touch   |       |     2 |     2 ||     4
 Stab: Sleeping          |    11 |    20 |       ||    31
       Confused          |       |     3 |     1 ||     4
Armor: Robe              |    21 |    15 |     2 ||    38
Dodge: Dodged            |    49 |    86 |    10 ||   145

Table legend: (Time is in decaauts)
 A = Elapsed time spent in this place.
 B = Non-inter-level travel time spent in this place.
 C = Inter-level travel time spent in this place.
 D = Time resting spent in this place.
 E = Time spent auto-exploring this place.
 F = Levels seen in this place.
 G = Mean time per level.
                   A        B        C        D        E       F      G
               +--------+--------+--------+--------+--------+-----+--------+
         Total |   3733 |   3576 |    157 |     64 |   2883 |   6 |  622.2 |
       Dungeon |   3733 |   3576 |    157 |     64 |   2883 |   6 |  622.2 |
               +--------+--------+--------+--------+--------+-----+--------+

Top non-repeatable levels by time:
     D:2: 910 daAuts
     D:1: 881 daAuts
     D:5: 859 daAuts
     D:3: 773 daAuts
     D:6: 163 daAuts
     D:4: 146 daAuts
